 Dungeon Crawl Stone Soup version 0.28.0-47-ge53b351184 (webtiles) character file.

Game seed: 12853768461751869569

7 RascalDebosk the Skirmisher (level 1, -1/18 HPs)
             Began as a Demonspawn Abyssal Knight on May 8, 2022.
             Was a Follower of Lugonu.
             Slain by a rat (2 damage)
             ... on level 1 of the Dungeon.
             The game lasted 00:03:07 (549 turns).

RascalDebosk the Skirmisher (DsAK)                   Turns: 549, Time: 00:03:07

Health: -1/18      AC:  3    Str: 13    XL:     1   Next: 83%
Magic:  2/2        EV: 11    Int: 11    God:    Lugonu [*.....]
Gold:   5          SH:  0    Dex: 13    Spells: 0/0 levels left

rFire   . . .      SeeInvis .   a - +1 falchion
rCold   . . .      Faith    .   (no shield)
rNeg    . . .      Spirit   .   b - +0 leather armour
rPois   .          Reflect  .   (no helmet)
rElec   .          Harm     .   (no cloak)
rCorr   .          Rampage  .   (no gloves)
Will    .....                   (no boots)
Stlth   +.........              (no amulet)
HPRegen 0.06/turn               (no ring)
MPRegen 0.08/turn               (no ring)

@: no status effects
A: no striking features
a: Renounce Religion, Depart the Abyss


You were on level 1 of the Dungeon.
You worshipped Lugonu.
Lugonu was aware of your devotion.
You visited 1 branch of the dungeon, and saw 1 of its levels.
You visited the Abyss 1 time.

You collected 5 gold pieces.

Inventory:

Hand Weapons
 a - a +1 falchion (weapon)
Armour
 b - a +0 leather armour (worn)
Scrolls
 c - a scroll of identify {unknown}


   Skills:
 + Level 3.0 Fighting
 + Level 1.8 Long Blades
 + Level 1.9 Armour
 + Level 1.0 Dodging
 + Level 2.6 Invocations
 + Level 0.2 Evocations


You couldn't memorise any spells.
You didn't know any spells.
Your spell library was empty.

Dungeon Overview and Level Annotations

Branches:
Dungeon (1/15)

Altars:


Message History

The hobgoblin is moderately wounded.
The hobgoblin completely misses you.
You barely miss the hobgoblin.
The hobgoblin is moderately wounded.
The hobgoblin hits you but does no damage.
The hobgoblin hits you.
You slash the hobgoblin!
You kill the hobgoblin!
Lugonu accepts your kill.
You see here a hobgoblin corpse.
c - a scroll labelled SINTUCITISCH
Found a stone staircase leading down.
Found 14 stones.
You see here 14 stones.
A rat comes into view.
A rat is nearby!
Found 12 gold pieces.
Found a stone staircase leading down.
A gnoll comes into view. It is wielding a +0 spear.
Found 12 gold pieces.
The rat bites you but does no damage.
You closely miss the rat. The rat barely misses you.
You closely miss the rat. The rat bites you.
The gnoll hits you from afar with a +0 spear!
Ouch! That really hurt!
You are too injured to fight recklessly!
You are too injured to fight recklessly!
You are too injured to fight recklessly!
You are too injured to fight recklessly!
You are too injured to fight recklessly!
The gnoll hits you but does no damage.
You barely miss the rat. The rat misses you.
The rat bites you but does no damage.
You barely miss the rat. The gnoll closely misses you.
The rat barely misses you.
You hit the rat.
The rat is moderately wounded.
The gnoll hits you from afar with a +0 spear!
* * * LOW HITPOINT WARNING * * *
The rat bites you.
You die...

.........### .......
...........# ##....
..÷........# #...##
#.##.###.#.# #....##$..
#)##.###...# #.....$#
.).......#######.##.$#.#
♣..########.....g# .##
♣♣.......##(####r# #
............# #@#
♣...####..### #.###
♣♣..# #.#.#####>...
♣...# #.###......##
♣.♣.##.# ##.##### ♣ ..#
##.# ♣ .##.# ##.## . .
.(###.## #♣# #.#.##


You could see a gnoll and a rat.

Vanquished Creatures
  2 bats (D:1)
  A hobgoblin (D:1)
  3 kobolds (D:1)
6 creatures vanquished.

Notes
Turn   | Place    | Note
-------+----------+-------------------------------------------
     0 | Abyss:1  | RascalDebosk the Demonspawn Abyssal Knight began the quest
                  | for the Orb.
     0 | Abyss:1  | Reached XP level 1. HP: 18/18 MP: 2/2
     0 | D:1      | Escaped the Abyss
    56 | D:1      | Reached * piety under Lugonu
    62 | D:1      | Reached skill level 1 in Dodging
   328 | D:1      | Found a faded altar of an unknown god.
   549 | D:1      | Slain by a rat

Illustrated notes

Levels and vault maps discovered:
D:1:      lemuel_arrival_lava_pool, layout_loops_ring,
          chequers_ecumenical_altar_grove, minmay_tetromino_s4

Skill      XL: |  1 |
---------------+----+-----
Dodging        | 1 |  1.0
Fighting       | |  3.0
Long Blades    | |  1.8
Armour         | |  1.9
Invocations    | |  2.6
Evocations     | |  0.2

Action                   || total
-------------------------++-------
Melee: Falchion          ||    33
Invok: Depart the Abyss  ||     1
Armor: Leather armour    ||    17
Dodge: Dodged            ||    23
